SA
SYRACUSE STORM @ GRIM REAPERS
07/21/2029
 
TOP OF THE 1ST
Syracuse Storm batting - Pitching for Grim Reapers : RHP Cisco Pérez
Pitching: RHP Cisco Pérez
Batting: RHB Tsuginori Kobayashi 0-0: Fly out, F7 (Flyball, 7)
Batting: RHB Dave Maxwell 0-0: Called Strike
0-1: Ball
1-1: Foul Ball, location: 2F
1-2: Ball
2-2: Fly out, F8 (Flyball, 8LD)
Batting: LHB Juan Jimínez 0-0: Swinging Strike
0-1: Foul Ball, location: 2F
0-2: Ball
1-2: Fly out, F8 (Flyball, 8LM)
Top of the 1st over - 0 runs, 0 hits, 0 errors, 0 left on base; Syracuse 0 - Grim 0
BOTTOM OF THE 1ST
Grim Reapers batting - Pitching for Syracuse Storm : RHP Jorge Villanueva
Pitching: RHP Jorge Villanueva
Batting: RHB Dolla Head 0-0: Ball
1-0: Ball
2-0: Ball
3-0: Base on Balls
Batting: RHB Milos Jaksch 0-0: Ground out 6-3 (Groundball, 6S)
Dolla Head to second
Batting: SHB Cash Masters 0-0: Ball
1-0: Swinging Strike
1-1: Ball
2-1: Swinging Strike
2-2: Foul Ball, location: 2F
2-2: Strikes out swinging
Batting: RHB Colby King 0-0: Called Strike
0-1: Ball
1-1: Ball
2-1: Foul Ball, location: 2F
2-2: Ground out 5-3 (Groundball, 56S)
Bottom of the 1st over - 0 runs, 0 hits, 0 errors, 1 left on base; Syracuse 0 - Grim 0
TOP OF THE 2ND
Syracuse Storm batting - Pitching for Grim Reapers : RHP Cisco Pérez
Batting: LHB António Paez 0-0: Ball
1-0: Called Strike
1-1: Ground out 1-3 (Groundball, P)
Batting: LHB Mike Clifton 0-0: Called Strike
0-1: SOLO HOME RUN (Line Drive, 7LD), Distance : 365 ft
Batting: RHB Harry MacCash 0-0: Ball
1-0: Ball
2-0: Swinging Strike
2-1: Swinging Strike
2-2: Strikes out swinging
Batting: LHB Hirohisa Wada 0-0: Called Strike
0-1: Foul Ball, location: 2F
0-2: Ball
1-2: Ball
2-2: Ground out 6-3 (Groundball, 6)
Top of the 2nd over - 1 run, 1 hit, 0 errors, 0 left on base; Syracuse 1 - Grim 0
BOTTOM OF THE 2ND
Grim Reapers batting - Pitching for Syracuse Storm : RHP Jorge Villanueva
Batting: LHB Kei-thing Zhang 0-0: Swinging Strike
0-1: Ball
1-1: Fly out, F9 (Flyball, 9D)
Batting: RHB Yoshi Kouda 0-0: Ball
1-0: Called Strike
1-1: Ground out 3-1 (Groundball, 34)
Batting: RHB Mun-wah Law 0-0: SINGLE (Line Drive, 7S)
Batting: RHB Huai-yi Yang 0-0: Foul Ball, location: 2F
0-1: Fly out, F7 (Flyball, 7D)
Bottom of the 2nd over - 0 runs, 1 hit, 0 errors, 1 left on base; Syracuse 1 - Grim 0
TOP OF THE 3RD
Syracuse Storm batting - Pitching for Grim Reapers : RHP Cisco Pérez
Batting: LHB António Escobeda 0-0: Called Strike
0-1: Ball
1-1: Called Strike
1-2: Strikes out swinging
Batting: RHB Javier Sandoval 0-0: Ball
1-0: Called Strike
1-1: Swinging Strike
1-2: Strikes out swinging
Batting: RHB Tsuginori Kobayashi 0-0: Swinging Strike
0-1: Swinging Strike
0-2: Ball
1-2: Strikes out swinging
Top of the 3rd over - 0 runs, 0 hits, 0 errors, 0 left on base; Syracuse 1 - Grim 0
BOTTOM OF THE 3RD
Grim Reapers batting - Pitching for Syracuse Storm : RHP Jorge Villanueva
Batting: RHB Keohi Iese 0-0: Ball
1-0: Called Strike
1-1: Foul Ball, location: 2F
1-2: Strikes out swinging
Batting: RHB Dolla Head 0-0: Ball
1-0: Ball
2-0: Ball
3-0: Called Strike
3-1: SINGLE (Line Drive, 56)
Batting: RHB Milos Jaksch 0-0: Ball
1-0: Foul Ball, location: 2F
1-1: Foul Ball, location: 2F
1-2: Foul Ball, location: 2F
1-2: SINGLE (Groundball, 3D)
Dolla Head to second
Runner from 2nd tries for 3rd, SAFE, no throw
Batting: SHB Cash Masters 0-0: Ball
1-0: Ball
2-0: Ball
3-0: Called Strike
3-1: Foul Ball, location: 2F
3-2: Strikes out swinging
Batting: RHB Colby King 0-0: Ball
1-0: Ball
2-0: Foul Ball, location: 2F
2-1: SINGLE (Groundball, 56D)
Dolla Head scores
Milos Jaksch to second
Batting: LHB Kei-thing Zhang 0-0: Ball
1-0: Ball
2-0: Called Strike
2-1: Fly out, F8 (Line Drive, 89M)
Bottom of the 3rd over - 1 run, 3 hits, 0 errors, 2 left on base; Syracuse 1 - Grim 1
TOP OF THE 4TH
Syracuse Storm batting - Pitching for Grim Reapers : RHP Cisco Pérez
Batting: RHB Dave Maxwell 0-0: Ground out 6-3 (Groundball, 6)
Batting: LHB Juan Jimínez 0-0: Called Strike
0-1: Called Strike
0-2: Strikes out swinging
Batting: LHB António Paez 0-0: Ball
1-0: Ball
2-0: Ground out 4-3 (Groundball, 4)
Top of the 4th over - 0 runs, 0 hits, 0 errors, 0 left on base; Syracuse 1 - Grim 1
BOTTOM OF THE 4TH
Grim Reapers batting - Pitching for Syracuse Storm : RHP Jorge Villanueva
Batting: RHB Yoshi Kouda 0-0: Ball
1-0: Swinging Strike
1-1: Foul Ball, location: 2F
1-2: Strikes out looking
Batting: RHB Mun-wah Law 0-0: Called Strike
0-1: Foul Ball, location: 2F
0-2: Foul Ball, location: 2F
0-2: Fly out, F8 (Flyball, 78M)
Batting: RHB Huai-yi Yang 0-0: Swinging Strike
0-1: Swinging Strike
0-2: Ball
1-2: Ground out 6-3 (Groundball, 6M)
Bottom of the 4th over - 0 runs, 0 hits, 0 errors, 0 left on base; Syracuse 1 - Grim 1
TOP OF THE 5TH
Syracuse Storm batting - Pitching for Grim Reapers : RHP Cisco Pérez
Batting: LHB Mike Clifton 0-0: Ball
1-0: Ball
2-0: Ball
3-0: Called Strike
3-1: SINGLE (Groundball, 6D)
Batting: RHB Harry MacCash 0-0: Bunted foul
0-1: Bunt missed!
0-2: SINGLE (Line Drive, 3D)
Mike Clifton to second
Batting: LHB Hirohisa Wada 0-0: Bunted foul
0-1: Sac Bunt - play at first, batter OUT! 3-4
Mike Clifton to third
Harry MacCash to second
Batting: LHB António Escobeda 0-0: Swinging Strike
0-1: Foul Ball, location: 2F
0-2: Ball
1-2: Strikes out looking
Batting: RHB Javier Sandoval 0-0: Foul Ball, location: 2F
0-1: Fly out, F8 (Flyball, 8LS)
Top of the 5th over - 0 runs, 2 hits, 0 errors, 2 left on base; Syracuse 1 - Grim 1
BOTTOM OF THE 5TH
Grim Reapers batting - Pitching for Syracuse Storm : RHP Jorge Villanueva
Batting: RHB Keohi Iese 0-0: Ball
1-0: Ball
2-0: Called Strike
2-1: Called Strike
2-2: Fly out, F8 (Line Drive, 8RS)
Batting: RHB Dolla Head 0-0: Ball
1-0: Ball
2-0: Called Strike
2-1: Ground out 5-3 (Groundball, 56)
Batting: RHB Milos Jaksch 0-0: Ball
1-0: Foul Ball, location: 2F
1-1: Ball
2-1: Ball
3-1: Fly out, F9 (Flyball, 9S)
Bottom of the 5th over - 0 runs, 0 hits, 0 errors, 0 left on base; Syracuse 1 - Grim 1
TOP OF THE 6TH
Syracuse Storm batting - Pitching for Grim Reapers : RHP Cisco Pérez
Batting: RHB Tsuginori Kobayashi 0-0: Called Strike
0-1: Ball
1-1: Foul Ball, location: 2F
1-2: Ball
2-2: Strikes out looking
Batting: RHB Dave Maxwell 0-0: Foul Ball, location: 2F
0-1: Swinging Strike
0-2: Ground out 2-3 (Groundball, 15S)
Batting: LHB Juan Jimínez 0-0: Foul Ball, location: 2F
0-1: Fly out, F9 (Flyball, 9)
Top of the 6th over - 0 runs, 0 hits, 0 errors, 0 left on base; Syracuse 1 - Grim 1
BOTTOM OF THE 6TH
Grim Reapers batting - Pitching for Syracuse Storm : RHP Jorge Villanueva
Batting: SHB Cash Masters 0-0: Called Strike
0-1: Ball
1-1: Ball
2-1: Foul Ball, location: 2F
2-2: Ball
3-2: Base on Balls
Batting: RHB Colby King 0-0: Foul Ball, location: 2F
0-1: Ball
1-1: Ball
2-1: Swinging Strike
2-2: Foul Ball, location: 2F
2-2: Foul Ball, location: 2F
2-2: Ball
3-2: Foul Ball, location: 2F
3-2: Fly out, F5 (Line Drive, 56S)
Batting: LHB Kei-thing Zhang 0-0: Fly out, F9 (Flyball, 9LDF)
Batting: RHB Yoshi Kouda 0-0: Ball
1-0: Called Strike
1-1: Foul Ball, location: 2F
1-2: Ball
2-2: Strikes out swinging
Bottom of the 6th over - 0 runs, 0 hits, 0 errors, 1 left on base; Syracuse 1 - Grim 1
TOP OF THE 7TH
Syracuse Storm batting - Pitching for Grim Reapers : RHP Cisco Pérez
Batting: LHB António Paez 0-0: Called Strike
0-1: Ball
1-1: Called Strike
1-2: Ground out 3-1 (Groundball, 34)
Batting: LHB Mike Clifton 0-0: Ball
1-0: SINGLE (Flyball, 89S)
Pinch Hitting: RHB Vince Staples 0-0: Ball
1-0: Fly out, F2 (Popup, 23F)
Pinch Hitting: LHB William Duffy 0-0: Ball
1-0: Foul Ball, location: 2F
1-1: Foul Ball, location: 2F
1-2: Ball
2-2: Ball
3-2: Fly out, F6 (Line Drive, 6)
Top of the 7th over - 0 runs, 1 hit, 0 errors, 1 left on base; Syracuse 1 - Grim 1
BOTTOM OF THE 7TH
Grim Reapers batting - Pitching for Syracuse Storm : RHP Jorge Villanueva
Now at 2B: William Duffy
Now in CF: António Macías
Batting: RHB Mun-wah Law 0-0: SINGLE (Line Drive, 3D)
Pinch Hitting: RHB David Gaston 0-0: Bunt missed!
0-1: Ball
1-1: Sac Bunt - play at first, batter OUT! 2-4
Mun-wah Law to second
Batting: RHB Keohi Iese 0-0: Ground out 5-3 (Groundball, 56S)
Mun-wah Law to third
Batting: RHB Dolla Head 0-0: Called Strike
0-1: Ball
1-1: Ball
2-1: Ground out 5-3 (Groundball, 5)
Bottom of the 7th over - 0 runs, 1 hit, 0 errors, 1 left on base; Syracuse 1 - Grim 1
TOP OF THE 8TH
Syracuse Storm batting - Pitching for Grim Reapers : RHP Cisco Pérez
Now at 3B: Mason Congdon
Batting: LHB António Escobeda 0-0: Ball
1-0: Ball
2-0: Swinging Strike
2-1: Swinging Strike
2-2: Strikes out swinging, 2-3 out at first.
Pinch Hitting: LHB Hamilton Porter 0-0: Foul Ball, location: 2F
0-1: Called Strike
0-2: Strikes out swinging
Batting: RHB Tsuginori Kobayashi 0-0: Ground out 4-3 (Groundball, 4)
Top of the 8th over - 0 runs, 0 hits, 0 errors, 0 left on base; Syracuse 1 - Grim 1
BOTTOM OF THE 8TH
Grim Reapers batting - Pitching for Syracuse Storm : RHP Jorge Villanueva
Now at SS: Luis Pérez
Batting: RHB Milos Jaksch 0-0: Ball
1-0: Ball
2-0: SINGLE (Line Drive, 89S)
Pitching: RHP Kerry Tenner
Batting: SHB Cash Masters 0-0: Ball
1-0: DOUBLE (Flyball, 78D)
Milos Jaksch to third
Batting: RHB Colby King 0-0: Intentional Walk
Batting: LHB Kei-thing Zhang 0-0: Grounds into double play, 6-2-3 (Groundball, 4M)
Cash Masters to third
Colby King to second
Batting: RHB Yoshi Kouda 0-0: Called Strike
0-1: Ball
1-1: Fly out, F9 (Line Drive, 89M)
Bottom of the 8th over - 0 runs, 2 hits, 0 errors, 2 left on base; Syracuse 1 - Grim 1
TOP OF THE 9TH
Syracuse Storm batting - Pitching for Grim Reapers : RHP Cisco Pérez
Pitching: RHP Gojong Joseon
Batting: RHB Dave Maxwell 0-0: Called Strike
0-1: Ball
1-1: Foul Ball, location: 2F
1-2: Foul Ball, location: 2F
1-2: Ball
2-2: Foul Ball, location: 2F
2-2: Foul Ball, location: 2F
2-2: Ball
3-2: Strikes out swinging
Batting: LHB Juan Jimínez 0-0: Ball
1-0: Ground out 4-3 (Groundball, 4)
Batting: LHB António Paez 0-0: Called Strike
0-1: Foul Ball, location: 2F
0-2: Ball
1-2: Fly out, F7 (Flyball, 78S)
Top of the 9th over - 0 runs, 0 hits, 0 errors, 0 left on base; Syracuse 1 - Grim 1
BOTTOM OF THE 9TH
Grim Reapers batting - Pitching for Syracuse Storm : RHP Kerry Tenner
Batting: RHB Mun-wah Law 0-0: Ball
1-0: Ground out 5-3 (Groundball, 56)
Batting: RHB Mason Congdon 0-0: Foul Ball, location: 2F
0-1: Called Strike
0-2: Strikes out swinging
Pinch Hitting: RHB Lu-fang Koo 0-0: Ground out 5-3 (Groundball, 56)
Bottom of the 9th over - 0 runs, 0 hits, 0 errors, 0 left on base; Syracuse 1 - Grim 1
TOP OF THE 10TH
Syracuse Storm batting - Pitching for Grim Reapers : RHP Gojong Joseon
Now at C: Bartolo Hernández
Batting: LHB Mike Clifton 0-0: Called Strike
0-1: Ball
1-1: Reached on error, E3 (Groundball, 34)
Pinch Hitting: RHB Scotty Smalls 0-0: Bunted foul
0-1: Ball
1-1: Bunted foul
1-2: Strikes out swinging
Batting: LHB William Duffy 0-0: Swinging Strike
0-1: Foul Ball, location: 2F
0-2: Ball
1-2: Strikes out swinging
Batting: LHB António Escobeda 0-0: Called Strike
0-1: Foul Ball, location: 2F
0-2: Strikes out swinging
Top of the 10th over - 0 runs, 0 hits, 1 error, 1 left on base; Syracuse 1 - Grim 1
BOTTOM OF THE 10TH
Grim Reapers batting - Pitching for Syracuse Storm : RHP Kerry Tenner
Pitching: RHP Matthew Fallows
Now in CF: Juan Perales
Batting: RHB Dolla Head 0-0: Swinging Strike
0-1: Ball
1-1: Ball
2-1: Called Strike
2-2: Ball
3-2: Strikes out swinging
Batting: RHB Milos Jaksch 0-0: Ball
1-0: Fly out, F4 (Flyball, 4D)
Batting: SHB Cash Masters 0-0: SINGLE (Flyball, 34D)
Batting: RHB Colby King 0-0: Ball
1-0: Ball
2-0: Ball
3-0: Base on Balls
Cash Masters to second
Batting: LHB Kei-thing Zhang 0-0: Ball
1-0: Called Strike
1-1: SINGLE (Groundball, 34)
Cash Masters to third
Colby King to second
Runner from 3rd tries for Home, SAFE, no throw
Tuesday, December 19th, 2017 - OOTP Baseball 18.8 Build 76